 Dungeon Crawl Stone Soup version 0.30-a0-918-g0ff054e9dc (webtiles) character file.

Game seed: 12104445507521954040

130070 Sobieck the Unseen (level 16, -12/76 HPs)
             Began as a Spriggan Earth Elementalist on Mar 20, 2023.
             Was the Champion of Dithmenos.
             Killed by the raging water
             ... invoked by a water nymph
              (18 damage)
             ... on level 3 of the Shoals.
             The game lasted 01:53:16 (35378 turns).

Sobieck the Unseen (Spriggan Earth Elementalist)   Turns: 35378, Time: 01:53:16

Health: -12/76     AC:  8    Str:  7    XL:     16   Next: 52%
Magic:  45/45      EV: 44    Int: 22    God:    Dithmenos [******]
Gold:   1944       SH:  0    Dex: 24    Spells: 0/45 levels left

rFire   + . .      SeeInvis +    a - +7 dagger (spect) {short}
rCold   . . .      Faith    .    (no shield)
rNeg    . . .      Spirit   .    d - +2 robe {rF+}
rPois   .          Reflect  .    W - +2 hat of Incorporation {Str+3, @e2}
rElec   .          Rampage  .    Q - +1 cloak {Stlth+}
rCorr   .                        (gloves unavailable)
Will    ++...                    (boots unavailable)
Stlth   ++++++++                 m - amulet of the acrobat
HPRegen 0.32/turn                w - ring of magical power
MPRegen 0.29/turn                M - +6 ring of dexterity

@: acrobatic, wreathed by umbra, studying Hexes, slow
A: very small, no large weapons, unfitting armour, see invisible, speed 3
a: Renounce Religion, Shadow Step, Shadow Form


You were on level 3 of the Shoals.
You worshipped Dithmenos.
Dithmenos was exalted by your worship.
You visited 6 branches of the dungeon, and saw 27 of its levels.
You also visited: Bailey and Ice Cave.

You collected 2828 gold pieces.
You spent 884 gold pieces at shops.


Innate Abilities, Weirdness & Mutations

You are very small and have problems with some larger weapons.
You are too small for most types of armour.
You have supernaturally acute eyesight. (SInv)
You cover ground extremely quickly. (Speed+++)


   Skills:
 - Level 5.0 Fighting
 - Level 4.0 Short Blades
 - Level 11.9 Dodging
 - Level 16.5 Stealth
 - Level 15.0 Spellcasting
 - Level 13.0 Conjurations
 + Level 15.3 Hexes
 - Level 1.3 Transmutations
 - Level 13.0 Earth Magic


You couldn't memorise any spells.
You knew the following spells:

 Your Spells              Type           Power      Damage    Failure   Level
a - Sandblast             Erth           100%       2d20      1%          1
b - Passwall              Tmut/Erth      40%        N/A       1%          2
c - Stone Arrow           Conj/Erth      100%       3d13      1%          3
d - Slow                  Hex            100%       N/A       0%          1
e - Petrify               Tmut/Erth      48%        N/A       1%          4
f - Iskenderun's Battles  Conj           65%        2d11      1%          5
g - Iron Shot             Conj/Erth      32%        9d7       2%          6
h - Lee's Rapid Deconstr  Erth           32%        3d17*     1%          5
i - Discord               Hex            35%        N/A       41%         8
j - Enfeeble              Hex            35%        N/A       5%          7
k - Tukima's Dance        Hex            71%        N/A       1%          3

Your spell library contained the following spells:

 Spells                   Type           Power      Damage    Failure   Level
 Magic Dart               Conj           100%       1d8       1%          1
 Confusing Touch          Hex            71%        N/A       1%          3
 Inner Flame              Hex/Fire       50%        N/A       1%          3
 Mephitic Cloud           Conj/Pois/Air  35%        N/A       1%          3
 Portal Projectile        Hex/Tloc       100%       N/A       1%          3
 Anguish                  Hex/Necr       25%        N/A       1%          4
 Cause Fear               Hex            35%        N/A       1%          4
 Leda's Liquefaction      Hex/Erth       34%        N/A       1%          4
 Animate Armour           Summ/Erth      90%        N/A       2%          4
 Apportation              Tloc           32%        N/A       3%          1
 Necrotise                Necr           64%        1d7       3%          1
 Metabolic Englaciation   Hex/Ice        25%        N/A       4%          5
 Summon Mana Viper        Hex/Summ       50%        N/A       4%          5
 Call Imp                 Summ           16%        N/A       5%          2
 Lesser Beckoning         Tloc           32%        N/A       5%          2
 Borgnjor's Vile Clutch   Necr/Erth      22%        N/A       7%          5
 Ignite Poison            Fire/Tmut/Pois 18%        N/A       9%          3
 Gell's Gravitas          Tloc           16%        N/A       11%         3
 Kindle Blastsparks       Fire/Tloc/Air  32%        2d12      11%         3
 Teleport Other           Tloc           16%        N/A       11%         3
 Vampiric Draining        Necr           16%        2d7       11%         3
 Freezing Cloud           Conj/Ice/Air   17%        6-21      17%         5
 Statue Form              Tmut/Erth      32%        N/A       28%         6
 Animate Dead             Necr           16%        N/A       34%         4
 Manifold Assault         Tloc           16%        N/A       34%         4
 Summon Ice Beast         Ice/Summ       16%        N/A       34%         4
 Conjure Ball Lightning   Conj/Air       22%        3x3d6     36%         6
 Blade Hands              Tmut           11%        N/A       50%         5
 Alistair's Intoxication  Tmut/Pois      12%        N/A       58%         5
 Agony                    Necr           16%        N/A       69%         5
 Summon Forest            Summ/Tloc      8%         N/A       69%         5
 Spellforged Servitor     Conj/Summ      22%        N/A       91%         7
 Death Channel            Necr           8%         N/A       99%         6
 Dispersal                Tloc           8%         N/A       99%         6
 Eringya's Noxious Bog    Tmut/Pois      9%         N/A       99%         6
 Summon Cactus Giant      Summ           8%         N/A       99%         6
 Disjunction              Tloc           8%         N/A       100%        8
 Polar Vortex             Ice            8%         N/A       100%        9

Inventory:

Hand Weapons
 a - a +7 spectral dagger (weapon) {short}
   (You took it off a goblin on level 1 of the Dungeon)
Missiles
 p - 27 boomerangs {throwing}
 x - 38 poisoned darts {throwing}
 z - 6 curare-tipped darts {=fthrowing}
 F - 7 throwing nets {=f!fthrowing}
 R - 163 stones {throwing}
Armour
 d - a +2 robe of fire resistance (worn)
   (You found it on level 4 of the Dungeon)
 i - a +0 buckler
   (You found it on level 4 of the Dungeon)
 Q - a +1 cloak of stealth (worn)
   (You took it off Maurice on level 10 of the Dungeon)
 W - the +2 hat of Incorporation (worn) {Str+3, @e2}
   (You acquired it in a bailey)

   Str:       It affects your strength (+3).
Magical Staves
 b - a staff of earth {!astaff}
   (You found it on level 6 of the Dungeon)
 q - a staff of poison {!astaff}
   (You found it on level 5 of the Dungeon)
Jewellery
 m - an amulet of the acrobat (around neck)
   (You found it in a bailey)
 v - a ring of willpower
   (You found it on level 5 of the Dungeon)
 w - a ring of magical power (left hand)
   (You found it on level 5 of the Dungeon)
 B - a +4 ring of slaying
   (You found it on level 4 of the Dungeon)
 D - an amulet of guardian spirit
   (You took it off an orc on level 8 of the Dungeon)
 I - a ring of resist corrosion
   (You found it on level 10 of the Dungeon)
 M - a +6 ring of dexterity (right hand)
   (You found it on level 1 of the Lair of Beasts)
 T - a +6 ring of dexterity
   (You found it on level 13 of the Dungeon)
Wands
 f - a wand of charming (5)
   (You found it on level 12 of the Dungeon)
 u - a wand of digging (7)
   (You found it on level 5 of the Lair of Beasts)
 E - a wand of roots (17)
   (You took it off Harold on level 9 of the Dungeon)
 L - a wand of acid (2)
   (You took it off Erica on level 10 of the Dungeon)
 N - a wand of flame (38)
   (You found it on level 6 of the Dungeon)
Scrolls
 k - 3 scrolls of summoning
 l - 4 scrolls of vulnerability {!r!r}
 o - 7 scrolls of teleportation {@r4}
 r - 7 scrolls of poison {!r}
 t - 2 scrolls of blinking {!r}
 G - 3 scrolls of enchant armour
 K - 4 scrolls of torment {!r}
 P - 6 scrolls of identify {@r1}
 S - a scroll of fog
 V - 4 scrolls of magic mapping {!r}
 Y - 6 scrolls of immolation {!r!r}
Potions
 c - 2 potions of invisibility
 e - 2 potions of cancellation
 g - 7 potions of might
 h - 3 potions of lignification {!q}
 j - 6 potions of curing {@q1}
 n - 11 potions of heal wounds {@q2}
 s - 5 potions of resistance
 A - 3 potions of attraction {!q}
 C - 2 potions of berserk rage {!q}
 H - 6 potions of flight
 O - 5 potions of magic
 U - 4 potions of mutation {!q}
 X - 3 potions of brilliance
 Z - 3 potions of haste {@q3}
Miscellaneous
 y - a phantom mirror
   (You found it on level 2 of the Shoals)
 J - a piece from Xom's chessboard (15/15)
   (You found it on level 9 of the Dungeon)

Dungeon Overview and Level Annotations

Branches:
Dungeon (15/15) Zot: 23158  Temple (1/1) D:4 Zot: 5883    Lair (5/5) D:11 Zot: 24262
 Shoals (3/4) Lair:3 Zot: 16417   Snake (1/4) Lair:2 Zot: 5823   Slime (0/5) Lair:4
    Orc (2/2) D:9 Zot: 9392     Elf (0/3) Orc:2        Vaults (0/5) D:13
 Depths (0/4) D:15         Bailey (visited)           IceCv (visited)

Altars:
Ashenzari
Dithmenos
Elyvilon
Fedhas
Gozag
Hepliaklqana
Kikubaaqudgha
Makhleb
Nemelex Xobeh
Okawaru
Ru
Sif Muna
Trog
Uskayaw
Vehumet
Wu Jian
Xom
Yredelemnul
Zin
Jiyva

Shops:
D:5 (   D:7 [   D:11 (:**   D:12 (((   Orc:2 ([(((

Portals:
Trove: D:13 (give +4 shadow dragon scales)

Annotations:
D:4 Ijyb
Orc:1 2 transporters, Pimp's ghost, journeyman MfGl

~~~≈~~~~~~~~..).~~
~~~~~~~≈~~~~~..~~~
~~~~~~~~~≈≈~~..~~~
..~~~~~~~~≈~~~.~~~
#..~~~~~~~~~~~~~~~
....~~~~§§§~~~~~!~
.....~~~§§§§~~~~~~
......^<~§m§~~~..~
......~@~~§§~~~..~
.......~~~~~...##~
.........~>~.~...
..........~~~.....
...........~~....~
...........~~~..~~
.....###....~~~~~
....##⌠##...~~H~


You could see a manticore (asleep) and a water nymph.


Message History

a +0 trident {polearm}; a boomerang {throwing}; a merfolk corpse You enter the shallow water.
Moving in this stuff is going to be slow.
Unknown command.
Unknown command.
b - a staff of earth (weapon)
{!astaff} You enter the shallow water.
Moving in this stuff is going to be slow.
You enter the shallow water.
Moving in this stuff is going to be slow.
You see here a +0 ring mail.
You enter the shallow water.
Moving in this stuff is going to be slow.
You enter the shallow water.
Moving in this stuff is going to be slow.
You enter the shallow water.
Moving in this stuff is going to be slow.
You enter the shallow water.
Moving in this stuff is going to be slow.
Partly explored, can't reach some places.
There is a stone staircase leading down here.
Unknown command.
Unknown command.
Unknown command.
Casting: Petrify (dangerous; 1% risk of failure)
Confirm with . or Enter, or press ? or * to list all spells.
Okay, then.
Unknown command.
Unknown command.
You climb downwards.
There is a stone staircase leading up here.
Unknown command.
Danger!
Unknown command.
Unknown command.
You feel a bond with your +7 spectral dagger {short}.
a - a +7 spectral dagger (weapon)
{short} You enter the shallow water.
Moving in this stuff is going to be slow.
A merfolk comes into view. It is wielding a +0 trident.
The merfolk siren shouts!
The merfolk siren completely misses you.
You puncture the merfolk siren!
Your +7 spectral dagger {short} hits the merfolk siren!
Unknown command.
The merfolk siren attacks as you move away!
The merfolk siren completely misses you.
The merfolk siren closely misses you.
The merfolk siren chants a haunting song.
You resist with almost no effort.
There is a stone staircase leading up here.
Unknown command.
You enter the shallow water.
Moving in this stuff is going to be slow.
The merfolk siren completely misses you.
There is a stone staircase leading up here.
Unknown command.
Unknown command.
The merfolk siren barely misses you.
You climb upwards.
There is a stone staircase leading down here.
Unknown command.
Unknown command.
You enter the shallow water.
Moving in this stuff is going to be slow.
There is a stone staircase leading down here.
Unknown command.
Unknown command.
b - a staff of earth (weapon)
{!astaff} You climb downwards.
Found a trident.
Found a stone staircase leading down.
There is a stone staircase leading up here.
Danger!
Unknown command.
Unknown command.
You feel a bond with your +7 spectral dagger {short}.
a - a +7 spectral dagger (weapon)
{short} You enter the shallow water.
Moving in this stuff is going to be slow.
The helpless merfolk fails to defend itself.
You stick the merfolk like a pincushion!!!!
You kill the merfolk!
Dithmenos accepts your kill.
You hear a splash.
The water nymph casts a spell at you. The water swirls and strikes you!!
You emit a cloud of dark smoke.
The water nymph casts a spell at you. The water swirls and strikes you!
* * * LOW HITPOINT WARNING * * *
Things that are here:
a +0 trident {polearm}; a merfolk corpse The water nymph attacks as you move away!
The water nymph completely misses you.
A manticore comes into view.
The water nymph points at you and mumbles some strange words.
The water swirls and strikes you!!
* * * LOW HITPOINT WARNING * * *
The water nymph points at you and mumbles some strange words.
The water swirls and strikes you!!
You die...

Skill      XL: |  1  2  3  4  5  6  7  8  9 10 11 12 13 14 15 16 |
---------------+-------------------------------------------------+-----
Spellcasting   | 3 4 5 6 7 9 10 11 12 14 15 | 15.0
Earth Magic    | 3 4 5 6 7 8 9 11 12 13 | 13.0
Short Blades   | 1 2 3 4 |  4.0
Conjurations   | 1 2 3 8 9 10 11 12 13 | 13.0
Stealth        | 4 5 7 10 11 12 13 15 16 | 16.5
Hexes          | 1 2 3 4 9 15 | 15.3
Dodging        | 3 5 7 9 10 11 | 11.9
Fighting       | 2 4 5 |  5.0
Transmutations | |  1.3

Action                     |  1- 3 |  4- 6 |  7- 9 | 10-12 | 13-15 | 16-18 || total
---------------------------+-------+-------+-------+-------+-------+-------++-------
  Melee: Short sword       |     6 |       |       |       |       |       ||     6
         Dagger            |     3 |    14 |     9 |    48 |   174 |    40 ||   288
         Punch             |       |       |       |       |     2 |       ||     2
         Staff             |       |       |       |       |     1 |       ||     1
  Throw: Dart              |       |       |       |     2 |       |       ||     2
   Cast: Sandblast         |    52 |    74 |   132 |    61 |   250 |    98 ||   667
         Passwall          |       |     1 |     8 |    17 |    33 |     4 ||    63
         Slow              |       |       |     2 |       |       |       ||     2
         Stone Arrow       |       |       |    80 |   154 |   180 |     5 ||   419
         Iskenderun's Batt |       |       |       |    27 |    82 |    28 ||   137
         Petrify           |       |       |       |     3 |    11 |    21 ||    35
         Lee's Rapid Decon |       |       |       |       |    51 |    14 ||    65
         Iron Shot         |       |       |       |       |    34 |    13 ||    47
 Invoke: Shadow Step       |       |       |       |       |     5 |     1 ||     6
    Use: Scroll            |       |       |    21 |    11 |    12 |       ||    44
         Potion            |       |       |     1 |       |     1 |       ||     2
   Stab: Sleeping          |     3 |     3 |     8 |    37 |   105 |    15 ||   171
         Distracted        |       |       |     1 |       |     1 |       ||     2
         Petrified         |       |       |       |     4 |    13 |    14 ||    31
         Petrifying        |       |       |       |       |     1 |     3 ||     4
 Armour: Robe              |     3 |     2 |     9 |    15 |    19 |     7 ||    55
  Dodge: Dodged            |    20 |    28 |    72 |   122 |   280 |   117 ||   639

Levels and vault maps discovered:
D:1:      dpeg_arrival_three_same_balls, layout_basic,
          dreamdust_ecumenical_altar_statues, minmay_pentomino_r4
D:2:      layout_basic, uniq_crazy_yiuf_cottage, uniq_natasha
D:3:      layout_basic, st_stairs_3, minmay_strange_pillars,
          kennysheep_generic_room_12
D:4:      layout_layer_cave, minmay_temple_entry_slanted, uniq_ijyb
D:5:      layout_cave_pools, nicolae_gozag_seed_capital, serial_shops, shop,
          sigmund_edmund_badplayer, uniq_sigmund
D:6:      layout_basic
D:7:      layout_gridville, serial_shops, nicolae_shop_statue_plus,
          amcnicky_mini_pool_small, uniq_joseph
D:8:      layout_basic, enter_bailey_5, minmay_stone_trees_large,
          minmay_microvault, uniq_pikel
D:9:      minmay_the_grid_plus_closed [minmay_the_grid_zigzag_pyramid,
          minmay_the_grid_outer_diamond, minmay_the_grid_dragon_b,
          minmay_the_grid_mess, minmay_the_grid_prize_inner_circle],
          layout_layer_cave, lemuel_zombie_altar_yredelemnul, uniq_harold
D:10:     layout_gridville, chequers_decorated_corner, uniq_maurice, uniq_erica
D:11:     layout_basic, erik_lair_orcish_takeover, serial_shops,
          nicolae_stop_n_shop_1, nicolae_shop_trees, kennysheep_mini_moat,
          nicolae_shop_hallway_stairs, uniq_erolcha
D:12:     layout_cave_pods, serial_shops, shop, nicolae_shop_statue_plus,
          nicolae_take_the_stairs
D:13:     layout_cave_pools, grunt_vaults_entry_fortified,
          nicolae_trove_entry_isolated
D:14:     layout_cave_pods, nicolae_wwwww
D:15:     gammafunk_depths_entry_grave, layout_irregular_city,
          hellmonk_guarded_unrand_cigotuvi
Temple:   nicolae_temple_slightly_damp_pantheon
Lair:1:   layout_chaotic_city, lemuel_fruit_tree
Lair:2:   layout_small_grid, guppyfry_snake_entry_garden, grunt_megastairs_4,
          infiniplex_staircase_pool_2
Lair:3:   layout_roguey, elwin_shoals_entry_rooms, eino_house_with_fridge
Lair:4:   layout_gridlike, slime_entry_1, portal_ice_cave_entry_imps,
          gauntlet_entry_generic, nicolae_lair_lakeside_cave, uniq_urug
Lair:5:   hangedman_lair_tendril_chambers, layout_loops_ring,
          hangedman_lair_caniforms_friends, lemuel_fruit_fields
Shoals:1: layout_shoals, uniq_donald, uniq_roxanne
Shoals:2: layout_shoals, nicolae_shoals_spring_well_temple
Shoals:3: layout_shoals, hellmonk_ghost_happy_afterlife,
          nicolae_shoals_kraken_party
Snake:1:  layout_onion_interference, nicolae_snake_coiling_death, uniq_aizul
Orc:1:    layout_caves, gammafunk_ghost_smash, uniq_josephine
Orc:2:    grunt_orc_community_town_hall, layout_caves,
          grunt_orc_community_big_house_2, grunt_orc_community_big_house_2,
          grunt_orc_community_house_1, grunt_orc_community_house_1,
          grunt_orc_community_house_1, grunt_orc_community_house_3,
          serial_shops, shop, elf_legates

Notes
Turn   | Place    | Note
-------+----------+-------------------------------------------
     0 | D:1      | Sobieck the Spriggan Earth Elementalist began the quest for
                  | the Orb.
     0 | D:1      | Reached XP level 1. HP: 9/9 MP: 5/5
   354 | D:1      | Reached XP level 2. HP: 13/13 MP: 4/6
   440 | D:1      | Reached skill level 3 in Spellcasting
   582 | D:1      | Reached skill level 3 in Earth Magic
   934 | D:1      | Found a faded altar of an unknown god.
  1322 | D:2      | Reached XP level 3. HP: 16/16 MP: 4/8
  1381 | D:2      | Reached skill level 1 in Short Blades
  1575 | D:2      | Learned a level 2 spell: Passwall
  1579 | D:2      | Learned a level 3 spell: Stone Arrow
  1698 | D:2      | You pick up a book of Debilitation and begin reading...
  1698 | D:2      | You add the spells Slow, Vampiric Draining and Confusing
                  | Touch to your library.
  1883 | D:2      | Noticed Natasha
  1887 | D:2      | Killed Natasha
  1888 | D:2      | Reached XP level 4. HP: 21/21 MP: 8/10
  1936 | D:2      | Learned a level 1 spell: Slow
  1998 | D:2      | Found a runed translucent door.
  1998 | D:2      | Noticed Natasha
  1999 | D:2      | Noticed Crazy Yiuf
  2276 | D:2      | Killed Natasha
  2312 | D:2      | Killed Crazy Yiuf
  2313 | D:2      | Reached skill level 4 in Spellcasting
  2313 | D:2      | Reached skill level 1 in Conjurations
  2363 | D:3      | You add the spells Alistair's Intoxication, Borgnjor's Vile
                  | Clutch and Eringya's Noxious Bog to your library.
  2443 | D:3      | Reached XP level 5. HP: 24/24 MP: 9/12
  2480 | D:3      | Reached skill level 4 in Stealth
  2526 | D:3      | Noticed a phantom
  2548 | D:3      | Reached skill level 1 in Hexes
  2578 | D:2      | Killed a phantom
  2579 | D:2      | Reached skill level 2 in Short Blades
  2579 | D:2      | Reached skill level 4 in Earth Magic
  2579 | D:2      | Reached XP level 6. HP: 13/28 MP: 1/13
  3224 | D:4      | You pick up a book of Necromancy and begin reading...
  3224 | D:4      | You add the spells Necrotise and Agony to your library.
  3285 | D:4      | Found a staircase to the Ecumenical Temple.
  3294 | Temple   | Entered the Ecumenical Temple
  3466 | Temple   | Became a worshipper of Dithmenos the Shadowed
  3641 | D:4      | Reached skill level 2 in Hexes
  3697 | D:4      | Reached skill level 5 in Spellcasting
  3717 | D:4      | Reached XP level 7. HP: 19/32 MP: 8/15
  3994 | D:4      | Noticed Ijyb
  4003 | D:4      | HP: 5/32 [constriction (4)]
  4124 | D:3      | Identified a scroll of acquirement
  4124 | D:3      | Acquired a book of Power
  4125 | D:3      | You pick up a book of Power and begin reading...
  4125 | D:3      | You add the spells Iskenderun's Battlesphere, Iron Shot and
                  | Spellforged Servitor to your library.
  4508 | D:5      | Entered Level 5 of the Dungeon
  4530 | D:5      | Reached skill level 5 in Stealth
  4713 | D:5      | Found an opulent altar of Gozag.
  4718 | D:5      | Found Leresk's Weapon Shop.
  4816 | D:5      | You pick up a book of Hexes and begin reading...
  4816 | D:5      | You add the spells Inner Flame, Cause Fear and Discord to
                  | your library.
  4827 | D:5      | Noticed Edmund
  4933 | D:4      | Killed Edmund
  4934 | D:4      | Reached skill level 3 in Short Blades
  5168 | D:5      | Reached skill level 2 in Conjurations
  5318 | D:4      | Reached skill level 6 in Spellcasting
  5414 | D:5      | Reached skill level 3 in Hexes
  5414 | D:5      | Reached skill level 5 in Earth Magic
  5557 | D:5      | Noticed Sigmund
  5565 | D:5      | Killed Sigmund
  5566 | D:5      | Reached XP level 8. HP: 36/36 MP: 18/18
  5776 | D:6      | Reached skill level 6 in Stealth
  5781 | D:6      | Learned a level 4 spell: Petrify
  5832 | D:6      | Reached * piety under Dithmenos
  6592 | D:6      | Reached skill level 4 in Short Blades
  6592 | D:6      | Reached skill level 7 in Spellcasting
  6800 | D:7      | Found Iplayddo's Armour Emporium.
  6814 | D:7      | Reached skill level 4 in Hexes
  6892 | D:7      | Reached skill level 7 in Stealth
  6892 | D:7      | Reached skill level 6 in Earth Magic
  6984 | D:7      | Noticed Joseph
  6985 | D:7      | Killed Joseph
  6986 | D:7      | Reached skill level 3 in Conjurations
  6986 | D:7      | Reached XP level 9. HP: 35/39 MP: 21/21
  6995 | D:7      | Reached skill level 8 in Spellcasting
  7839 | D:8      | Reached skill level 8 in Stealth
  7847 | D:8      | Reached skill level 7 in Earth Magic
  7853 | D:8      | Reached skill level 9 in Spellcasting
  7855 | D:8      | Reached ** piety under Dithmenos
  7969 | D:8      | Noticed a cyclops
  7975 | D:8      | Killed a cyclops
  7976 | D:8      | Reached skill level 9 in Stealth
  7976 | D:8      | Reached skill level 4 in Conjurations
  8157 | D:8      | You add the spells Kindle Blastsparks, Ignite Poison and
                  | Freezing Cloud to your library.
  8176 | D:8      | Found a flagged portal.
  8263 | Bailey   | Entered a bailey
  8511 | Bailey   | Reached skill level 3 in Dodging
  8511 | Bailey   | Reached skill level 10 in Stealth
  8649 | Bailey   | Identified a potion of experience
  8650 | Bailey   | Reached skill level 8 in Conjurations
  8650 | Bailey   | Reached XP level 10. HP: 44/44 MP: 24/24
  8657 | Bailey   | Learned a level 5 spell: Iskenderun's Battlesphere
  8679 | Bailey   | Reached XP level 11. HP: 48/48 MP: 19/25
  8681 | Bailey   | Reached *** piety under Dithmenos
  8891 | Bailey   | Noticed an orc warlord
  8891 | Bailey   | Noticed an orc knight
  8933 | Bailey   | Killed an orc knight
  8934 | Bailey   | Reached skill level 1 in Fighting
  8990 | Bailey   | Acquired the +2 hat of Incorporation {Str+3}
  9018 | Bailey   | Identified the +0 trident of Bodily Humours {spect, rC+}
  9219 | Bailey   | Killed an orc warlord
  9417 | D:8      | Noticed Pikel
  9443 | D:8      | Killed Pikel
  9444 | D:8      | Reached skill level 9 in Conjurations
  9585 | D:8      | Reached skill level 4 in Dodging
  9757 | D:8      | Noticed a sixfirhy
 10660 | D:9      | Found a staircase to the Orcish Mines.
 10662 | D:9      | Noticed Harold
 10793 | D:9      | Killed Harold
 10794 | D:9      | Reached skill level 2 in Fighting
 10985 | D:9      | Reached skill level 8 in Earth Magic
 11097 | D:9      | Reached **** piety under Dithmenos
 11295 | D:9      | Noticed a deep elf pyromancer
 11465 | D:9      | Noticed a two-headed ogre
 11470 | D:9      | Killed a two-headed ogre
 11471 | D:9      | Reached skill level 11 in Stealth
 11690 | D:9      | Reached skill level 5 in Dodging
 11880 | D:9      | Found a basalt altar of Yredelemnul.
 12310 | D:9      | You pick up a book of the Wilderness and begin reading...
 12310 | D:9      | You add the spells Summon Forest, Summon Mana Viper and
                  | Summon Cactus Giant to your library.
 12621 | D:9      | Killed a deep elf pyromancer
 12629 | D:9      | Noticed a boulder beetle
 12638 | D:9      | Killed a boulder beetle
 12639 | D:9      | Reached skill level 10 in Spellcasting
 12722 | D:9      | Reached XP level 12. HP: 56/56 MP: 24/27
 13044 | D:10     | Entered Level 10 of the Dungeon
 13213 | D:10     | Reached skill level 3 in Fighting
 13280 | D:10     | Noticed Erica
 13280 | D:10     | Noticed a two-headed ogre
 13287 | D:10     | Killed a two-headed ogre
 13291 | D:10     | Killed Erica
 13292 | D:10     | Reached skill level 6 in Dodging
 13464 | D:10     | Noticed a two-headed ogre
 13475 | D:10     | Killed a two-headed ogre
 13476 | D:10     | Reached skill level 9 in Earth Magic
 13801 | D:10     | Noticed Maurice
 13808 | D:10     | Killed Maurice
 13930 | D:10     | Reached skill level 10 in Conjurations
 14260 | D:11     | Found Taocs's Assorted Antiques.
 14288 | D:11     | Found Uteymih's General Store.
 14364 | D:11     | Found Reheykk's Book Shoppe.
 14365 | D:11     | Noticed Erolcha
 14370 | D:11     | Killed Erolcha
 14371 | D:11     | Reached skill level 12 in Stealth
 14451 | D:11     | Found a staircase to the Lair.
 14662 | D:11     | Reached ***** piety under Dithmenos
 14988 | D:11     | Found Enoul's Antique Weapon Shop.
 15120 | D:11     | Reached skill level 7 in Dodging
 15331 | Lair:1   | Entered Level 1 of the Lair of Beasts
 15543 | Lair:1   | You pick up a book of Party Tricks and begin reading...
 15683 | Lair:1   | Noticed a catoblepas
 15734 | Lair:1   | Killed a catoblepas
 15735 | Lair:1   | Reached skill level 4 in Fighting
 16398 | Lair:2   | Found a staircase to the Snake Pit.
 16503 | Lair:2   | Noticed an eight-headed hydra
 16509 | Lair:2   | Killed an eight-headed hydra
 16510 | Lair:2   | Reached XP level 13. HP: 61/61 MP: 28/28
 17118 | Lair:3   | Reached skill level 10 in Earth Magic
 17147 | Lair:2   | Reached skill level 11 in Spellcasting
 17616 | Lair:3   | Identified the +5 chain mail of Analysis {Fly}
 17722 | Lair:3   | Found a staircase to the Shoals.
 18073 | Lair:4   | Reached skill level 13 in Stealth
 18177 | Lair:4   | Found a frozen archway.
 18202 | IceCv    | Entered an ice cave
 18352 | IceCv    | Reached skill level 8 in Dodging
 18700 | IceCv    | HP: 5/63 [something] (12)]
 19010 | Lair:4   | Found a staircase to the Slime Pits.
 19011 | Lair:4   | Found a viscous altar of Jiyva.
 19336 | Lair:4   | Noticed Urug
 19341 | Lair:4   | Killed Urug
 19439 | Lair:4   | Noticed a dire elephant
 19477 | Lair:4   | Reached skill level 11 in Conjurations
 19562 | Lair:4   | Reached skill level 5 in Fighting
 19587 | Lair:4   | Learned a level 6 spell: Iron Shot
 19665 | Lair:4   | Killed a dire elephant
 19938 | Lair:4   | Reached skill level 11 in Earth Magic
 19950 | Lair:4   | Reached ****** piety under Dithmenos
 20036 | Lair:4   | You add the spells Summon Ice Beast, Metabolic Englaciation
                  | and Polar Vortex to your library.
 20036 | Lair:4   | Got Sif Muna's Octavo of Hoarfrost
 20427 | Lair:5   | Entered Level 5 of the Lair of Beasts
 20486 | Lair:5   | Reached skill level 9 in Dodging
 20500 | Lair:5   | Reached XP level 14. HP: 59/68 MP: 30/30
 20604 | Lair:5   | Reached skill level 14 in Stealth
 20752 | Lair:5   | You pick up a book of Weapons and begin reading...
 20752 | Lair:5   | You add the spells Tukima's Dance, Portal Projectile and
                  | Blade Hands to your library.
 20816 | Lair:5   | Reached skill level 12 in Spellcasting
 20950 | Lair:5   | You pick up a book of Chaos and begin reading...
 20950 | Lair:5   | You add the spells Conjure Ball Lightning and Disjunction
                  | to your library.
 21739 | Lair:5   | You pick up a book of Unlife and begin reading...
 21739 | Lair:5   | You add the spells Animate Dead and Death Channel to your
                  | library.
 22278 | D:12     | Found Fuucan's Antique Weapon Emporium.
 22334 | D:12     | Found Qellakhia's Weapon Boutique.
 22588 | D:12     | Reached skill level 10 in Dodging
 22711 | D:12     | Found Ogoag's Weapon Emporium.
 23238 | D:13     | Found a portal to a secret trove of treasure.
 23252 | D:13     | You pick up a book of the Earth and begin reading...
 23252 | D:13     | You add the spells Leda's Liquefaction, Lee's Rapid
                  | Deconstruction and Statue Form to your library.
 23259 | D:13     | Learned a level 5 spell: Lee's Rapid Deconstruction
 23263 | D:13     | This trove needs +4 shadow dragon scales to function. Give
                  | it the item?
 23413 | D:13     | Reached skill level 12 in Earth Magic
 23816 | D:13     | Reached skill level 12 in Conjurations
 23820 | D:13     | Reached skill level 15 in Stealth
 24153 | D:13     | Found a gate to the Vaults.
 24568 | D:14     | You fall into a shaft and drop 1 floor!
 24568 | D:15     | Entered Level 15 of the Dungeon
 24729 | D:14     | Reached XP level 15. HP: 67/72 MP: 22/32
 25349 | D:14     | Learned a level 8 spell: Discord
 25748 | D:15     | Reached skill level 13 in Spellcasting
 25916 | D:15     | You pick up a book of Minor Magic and begin reading...
 25916 | D:15     | You add the spells Magic Dart, Call Imp and Mephitic Cloud
                  | to your library.
 26170 | D:15     | Reached skill level 11 in Dodging
 26425 | D:15     | Reached skill level 5 in Hexes
 27239 | D:15     | Found a staircase to the Depths.
 27391 | D:15     | Reached skill level 13 in Earth Magic
 27397 | D:15     | Reached skill level 6 in Hexes
 27483 | D:15     | Reached skill level 16 in Stealth
 28842 | D:15     | You pick up a book of Displacement and begin reading...
 28842 | D:15     | You add the spells Lesser Beckoning, Gell's Gravitas and
                  | Teleport Other to your library.
 28850 | D:15     | Found the +4 Cigotuvi's embrace {Corpsefed rMiasma Drain
                  | rN+}
 28861 | D:15     | Reached skill level 7 in Hexes
 29149 | Orc:1    | Entered Level 1 of the Orcish Mines
 29200 | Orc:1    | Noticed Josephine
 29202 | Orc:1    | Killed Josephine
 29565 | Orc:1    | Noticed Pimp's ghost (journeyman MfGl)
 29566 | Orc:1    | Found a transporter.
 29566 | Orc:1    | Identified the +3 great mace of the Arcadian God {speed,
                  | Fragile Int+5}
 29571 | Orc:1    | Found a transporter.
 30011 | Orc:2    | Entered Level 2 of the Orcish Mines
 30038 | Orc:2    | Identified the +0 chain mail of the King of the Hill {rN+
                  | Str+4}
 30262 | Orc:2    | Reached skill level 13 in Conjurations
 30357 | Orc:2    | Reached skill level 8 in Hexes
 30633 | Orc:2    | Reached skill level 14 in Spellcasting
 30656 | Orc:1    | Reached skill level 9 in Hexes
 30656 | Orc:1    | Reached XP level 16. HP: 34/76 MP: 0/35
 31182 | Orc:2    | Reached skill level 10 in Hexes
 31456 | Orc:2    | Found Ticeb's Weapon Shop.
 31514 | Orc:2    | Found a staircase to the Elven Halls.
 31738 | Orc:2    | Found Omikkeat's Weapon Shop.
 31856 | Orc:2    | Found Loppat's Weapon Emporium.
 32002 | Orc:2    | Found Emuesud's Antique Weapon Boutique.
 32004 | Orc:2    | Found Mumaonta's Antique Armour Shop.
 32229 | D:11     | Bought a book of the Warp for 546 gold pieces
 32229 | D:11     | You pick up a book of the Warp and begin reading...
 32229 | D:11     | You add the spells Manifold Assault and Dispersal to your
                  | library.
 32229 | D:11     | Bought a book of Maledictions for 338 gold pieces
 32229 | D:11     | You pick up a book of Maledictions and begin reading...
 32229 | D:11     | You add the spells Anguish and Enfeeble to your library.
 32237 | D:11     | Learned a level 7 spell: Enfeeble
 32326 | Snake:1  | Entered Level 1 of the Snake Pit
 32517 | Lair:2   | Reached skill level 11 in Hexes
 32765 | Snake:1  | HP: 19/76 [poisoned by a naga mage (bolt of poison)]
 32770 | Lair:2   | HP: 15/76 [poisoned by a naga mage (bolt of poison)]
 33440 | Shoals:1 | Entered Level 1 of the Shoals
 33640 | Shoals:1 | Reached skill level 15 in Spellcasting
 33694 | Shoals:1 | Reached skill level 12 in Hexes
 33902 | Shoals:1 | Learned a level 3 spell: Tukima's Dance
 33955 | Shoals:1 | You pick up a book of Iron and begin reading...
 33991 | Shoals:1 | Noticed Donald
 33998 | Shoals:1 | Killed Donald
 33999 | Shoals:1 | Reached skill level 13 in Hexes
 34097 | Shoals:1 | Noticed Roxanne
 34107 | Shoals:1 | Killed Roxanne
 34279 | Shoals:1 | You pick up a book of the Earth and begin reading...
 34577 | Shoals:2 | Reached skill level 14 in Hexes
 35117 | Shoals:2 | Reached skill level 15 in Hexes
 35377 | Shoals:3 | HP: 5/76 [water nymph/the raging water (24)]
 35378 | Shoals:3 | Killed from afar by a water nymph

Vanquished Creatures
  Donald (Shoals:1)
  Roxanne (Shoals:1)
  3 orc warlords
  A caustic shrike skeleton (D:15)
  A dire elephant (Lair:4)
  A fire dragon (D:14)
  Josephine (Orc:1)
  An ettin (Orc:1)
  Harold (D:9)
  10 hydras
  Erolcha (D:11)
  3 catoblepae
  2 ogre magi
  A rakshasa (D:15)
  4 vault guards (D:13)
  Erica (D:10)
  3 centaur warriors
  3 anacondas
  A merfolk aquamancer (Shoals:2)
  4 boulder beetles
  A tengu warrior (D:14)
  7 two-headed ogres
  A naga warrior (Lair:2)
  Urug (Lair:4)
  A titan zombie (D:15)
  3 orc high priests
  3 soul eaters (D:15)
  A deep elf knight (Orc:2)
  A storm dragon zombie (D:15)
  2 skeletal warriors (D:15)
  2 fire crabs (Lair:4)
  3 skysharks
  3 sea snakes
  A wizard (D:13)
  A naga ritualist (Snake:1)
  Pikel (D:8)
  A sphinx zombie (D:15)
  2 necromancers
  An iron dragon zombie (D:15)
  A lindwurm (Lair:3)
  2 mana vipers
  3 orc knights
  2 deep elf zephyrmancers (Orc:2)
  5 deep elf pyromancers
  8 orc sorcerers
  3 fire giant zombies (D:15)
  4 fauns (Shoals:2)
  A wolf spider (Lair:5)
  17 ugly things
  8 cyclopes
  A stone giant zombie (D:15)
  5 manticores
  11 black mambas
  4 merfolk sirens (Shoals:1)
  Maurice (D:10)
  A torpor snail (Lair:4)
  2 water nymphs
  Joseph (D:7)
  7 cane toads
  A gargoyle (D:11)
  An unseen horror (D:10)
  A cane toad (shapeshifter) (D:15)
  An unseen horror zombie (D:9)
  3 komodo dragons
  5 kobold demonologists
  2 tengu conjurers
  A yaktaur (D:13)
  2 ice devils (IceCv)
  2 spriggan skeletons (D:15)
  An efreet (D:15)
  10 polar bears
  A wind drake (Shoals:1)
  A hornet (Lair:5)
  7 trolls
  3 raiju (Lair:5)
  13 merfolk
  4 snapping turtles
  2 spriggan zombies (D:15)
  Sigmund (D:5)
  22 slime creatures
  A vampire (D:13)
  A shadow (D:11)
  28 yaks
  13 wyverns
  3 water elementals (Shoals:2)
  A wyvern (shapeshifter) (D:13)
  A human (D:13)
  6 wraiths
  4 basilisks
  2 dire elephant simulacra (IceCv)
  A vampire mosquito (D:8)
  2 steam dragons
  Edmund (D:4)
  4 nagas
  14 wargs
  A redback (shapeshifter) (D:9)
  2 acid dragons (D:9)
  9 water moccasins
  12 hell hounds (Lair:5)
  43 orc warriors
  An ice beast (D:6)
  A sky beast (D:7)
  14 black bears
  6 boggarts
  11 ogres
  5 centaurs
  16 wolves
  2 lemures (D:8)
  2 phantoms
  4 kobold brigands
  A wyvern zombie (D:9)
  14 bullfrogs
  2 gnoll sergeants (D:9)
  3 scorpions
  6 wights
  A cane toad simulacrum (IceCv)
  25 killer bees
  An electric eel (Lair:4)
  3 howler monkeys
  14 orc priests
  A hound (D:5)
  5 iguanas
  Crazy Yiuf (D:2)
  2 gnoll boudas
  A sleepcap (D:4)
  Natasha (twice) (D:2)
  29 orc wizards
  2 spriggan simulacra (IceCv)
  A polar bear simulacrum (Lair:3)
  4 yak simulacra (Lair:3)
  4 wolf simulacra (Lair:3)
  22 gnolls
  9 adders
  A naga simulacrum (IceCv)
  13 white imps
  3 ufetubi
  A worm (D:3)
  2 dart slugs
  109 orcs
  6 bats
  8 endoplasms
  4 giant cockroaches
  20 goblins
  13 hobgoblins
  24 kobolds
  8 quokkas
  6 ball pythons
  7 frilled lizards
  7 rats
  A river rat simulacrum (Lair:3)
848 creatures vanquished.

Vanquished Creatures (collateral kills)
  A caustic shrike zombie (D:15)
  A phantasmal warrior (D:15)
  An elephant (Lair:4)
  A rime drake (Lair:4)
  A water moccasin (Lair:4)
5 creatures vanquished.

Vanquished Creatures (others)
  A boggart (D:15)
  12 fungi
  33 plants
  15 withered plants (D:15)
61 creatures vanquished.

Grand Total: 914 creatures vanquished

Table legend:
 A = Non-vault XP
 B = Vault XP
 C = Vault XP percentage of total XP
 D = Non-vault monster count
 E = Vault monster count
 F = Vault count percentage of total count
                 A         B        C        D         E       F
            +---------+---------+-------+---------+---------+-------
      Total |   95990 |   84490 |  46.8 |     502 |     350 |  41.1
            +---------+---------+-------+---------+---------+-------
        D:1 |      35 |       5 |  12.5 |      24 |       3 |  11.1
        D:2 |     175 |      76 |  30.3 |      19 |       2 |   9.5
        D:3 |      57 |      86 |  60.1 |      19 |       4 |  17.4
        D:4 |     405 |     171 |  29.7 |      17 |       1 |   5.6
        D:5 |     275 |     239 |  46.5 |      12 |       1 |   7.7
        D:6 |     690 |       0 |   0.0 |      16 |       0 |   0.0
        D:7 |    1020 |     407 |  28.5 |      18 |       1 |   5.3
        D:8 |    2502 |     869 |  25.8 |      40 |       6 |  13.0
        D:9 |    2274 |    5112 |  69.2 |      34 |      15 |  30.6
       D:10 |    4166 |    1296 |  23.7 |      22 |       2 |   8.3
       D:11 |    3952 |    1550 |  28.2 |      25 |      11 |  30.6
       D:12 |    3550 |       0 |   0.0 |      10 |       0 |   0.0
       D:13 |    5754 |    6364 |  52.5 |      14 |      10 |  41.7
       D:14 |   10738 |       0 |   0.0 |      27 |       0 |   0.0
       D:15 |   16689 |   13505 |  44.7 |      34 |      21 |  38.2
     Lair:1 |    2081 |       0 |   0.0 |       6 |       0 |   0.0
     Lair:2 |    6511 |    1554 |  19.3 |      18 |       5 |  21.7
     Lair:3 |    2492 |    1170 |  31.9 |       8 |      12 |  60.0
     Lair:4 |    6218 |   11629 |  65.2 |      20 |      33 |  62.3
     Lair:5 |    2073 |   16312 |  88.7 |       7 |      75 |  91.5
   Shoals:1 |    7658 |    2838 |  27.0 |      19 |       2 |   9.5
   Shoals:2 |    7536 |       0 |   0.0 |      17 |       0 |   0.0
   Shoals:3 |     317 |       0 |   0.0 |       1 |       0 |   0.0
    Snake:1 |    1724 |     473 |  21.5 |       3 |       3 |  50.0
      Orc:1 |    3631 |    4050 |  52.7 |      32 |      11 |  25.6
      Orc:2 |    3467 |   12748 |  78.6 |      40 |      79 |  66.4
     Bailey |       0 |    2784 | 100.0 |       0 |      43 | 100.0
      IceCv |       0 |    1252 | 100.0 |       0 |      10 | 100.0
            +---------+---------+-------+---------+---------+-------

Illustrated notes

Table legend:
 A = Kills in this place as a percentage of kills in the entire game.
 B = Kills by you in this place as a percentage of kills by you in the entire game.
 C = Kills by friends in this place as a percentage of kills by friends in the entire game.
 D = Other kills in this place as a percentage of other kills in the entire game.
 E = Experience gained in this place as a percentage of experience gained in the entire game.
 F = Experience gained in this place divided by the number of levels of this place that you have seen.
                   A       B       C       D       E      F
               +-------+-------+-------+-------+-------+----------------------
         Total | 100.0 | 100.0 | 100.0 | 100.0 | 100.0 | 6223.4
       Dungeon |  47.9 |  47.9 |  40.0 | 100.0 |  45.4 | 5464.1
          Lair |  21.6 |  21.4 |  60.0 |   0.0 |  27.7 | 10008.0
        Shoals |   4.6 |   4.6 |   0.0 |   0.0 |  10.2 | 6116.3
     Snake Pit |   0.7 |   0.7 |   0.0 |   0.0 |   1.2 | 2197.0
  Orcish Mines |  19.0 |  19.1 |   0.0 |   0.0 |  13.2 | 11948.0
        Bailey |   5.0 |   5.1 |   0.0 |   0.0 |   1.5 | 2784.0
      Ice Cave |   1.2 |   1.2 |   0.0 |   0.0 |   0.7 | 1252.0
               +-------+-------+-------+-------+-------+----------------------

Table legend: (Time is in decaauts)
 A = Elapsed time spent in this place.
 B = Non-inter-level travel time spent in this place.
 C = Inter-level travel time spent in this place.
 D = Time resting spent in this place.
 E = Time spent auto-exploring this place.
 F = Levels seen in this place.
 G = Mean time per level.
                   A        B        C        D        E       F      G
               +--------+--------+--------+--------+--------+-----+--------+
         Total |  28025 |  27113 |    912 |   7705 |  13594 |  29 |  966.4 |
       Dungeon |  16389 |  15850 |    539 |   3674 |   9260 |  15 | 1092.6 |
        Temple |    116 |    105 |     11 |      0 |     88 |   1 |  116.0 |
          Lair |   5737 |   5476 |    261 |   1750 |   2439 |   5 | 1147.4 |
        Shoals |   1580 |   1527 |     53 |    503 |    559 |   3 |  526.7 |
     Snake Pit |    176 |    176 |      0 |     95 |      0 |   1 |  176.0 |
  Orcish Mines |   2607 |   2562 |     45 |    924 |    964 |   2 | 1303.5 |
        Bailey |    939 |    939 |      0 |    374 |    281 |   1 |  939.0 |
      Ice Cave |    478 |    478 |      0 |    383 |      0 |   1 |  478.0 |
               +--------+--------+--------+--------+--------+-----+--------+

Top non-repeatable levels by time:
    D:15: 2348 daAuts
     D:9: 2259 daAuts
  Lair:2: 1722 daAuts
  Lair:4: 1526 daAuts
    D:14: 1517 daAuts
   Orc:2: 1376 daAuts
  Lair:5: 1312 daAuts
   Orc:1: 1230 daAuts
     D:8: 1229 daAuts
     D:4: 1046 daAuts
     D:1: 990 daAuts
  Bailey: 939 daAuts
    D:11: 897 daAuts
    D:10: 890 daAuts
    D:12: 837 daAuts
